 Dungeon Sprint DCSS version 0.31-a0-841-g038b102fc3 (webtiles) character file.

Game seed: 1302509215140635207

2391 sircluck the Grappler (level 9, 0/102 HPs)
             Began as a Troll Berserker on Sept 27, 2023.
             Was a High Priest of Trog.
             Slain by an unseen horror (9 damage)
             ... in the Dungeon (Sprint I: "Red Sonja").
             The game lasted 00:01:16 (617 turns).

sircluck the Grappler (Troll Berserker)              Turns: 617, Time: 00:01:17

Health: 0/102      AC: -8    Str: 31    XL:     9   Next: 22%
Magic:  8/8        EV: 12    Int:  3    God:    Trog [*****.]
Gold:   401        SH:  0    Dex:  9    Spells: 8/8 levels left

rFire   . .          .
                       - Unarmed
rCold   . . .        (no shield)
rNeg    . . .        a - +0 animal skin
rPois   +            (helmet restricted)
rElec   .            (no cloak)
rCorr   .            (gloves unavailable)
SInv    .            (boots unavailable)
Will    .....        (no amulet)
Stlth   ++           i - ring "Maqebikh" {rPois AC+4 Stlth+}
HPRegen 1.17/turn    (no ring)
MPRegen 0.11/turn

%: no teleportation
@: corroded
A: large, unfitting armour, claws 3, regeneration 1, shaggy fur 1, tough skin 1
a: Renounce Religion, Berserk, Trog's Hand, Brothers in Arms


You were in the Dungeon.
You worshipped Trog.
Trog was extremely pleased with you.
You visited 1 branch You collected 513 gold pieces.
You spent 112 gold pieces at shops.

Inventory:

Armour
 a - a +0 animal skin (worn)
Jewellery
 i - the ring "Maqebikh" (left claw) {rPois AC+4 Stlth+}
   (You found it in the Dungeon)

   [ring of protection]

   AC+4:      It affects your AC (+4).
   rPois:     It protects you from poison Stlth+: It makes you more stealthy.
Wands
 h - a wand of flame (16)
Scrolls
 g - a scroll of blinking
 j - a scroll of fear {unknown}
Potions
 b - a potion of curing
 c - a potion of heal wounds
 d - a potion of haste
 e - 2 potions of magic
 f - a potion of berserk rage


   Skills:
 + Level 10.8 Fighting
 + Level 10.6 Dodging
 + Level 12.6 Unarmed Combat


You had 8 spell levels left.
You didn't know any spells.
Your spell library was empty.

Dungeon Overview and Level Annotations

Branches:
Dungeon (1/1)

Altars:
Cheibriados
Dithmenos
Elyvilon
Fedhas
Gozag
Hepliaklqana
Kikubaaqudgha
Nemelex Xobeh
Okawaru
Qazlal
Ru
Sif Muna
Trog
Uskayaw
Vehumet
Wu Jian
Yredelemnul
Zin
The Shining One

Shops:
D !


Innate Abilities, Weirdness & Mutations

You are too large for most types of armour.
You have claws for hands.
Your natural rate of healing is unusually fast.
You are covered in fur. (AC +1)
You have tough skin. (AC +1)


Message History

You mangle the jelly!!
You kill the jelly!
Trog accepts your kill. Something hits you!
You claw the jelly! The acid corrodes you!
Your claws burn!
The jelly is heavily wounded.
Something hits you. The jelly closely misses you.
You scratch the jelly but do no damage.
Your claws burn!
The jelly is heavily wounded.
The jelly quivers.
Something hits you! x2; The jelly hits you.
The acid corrodes you!
You are splashed with acid!
You are too injured to fight recklessly!
You are too injured to fight recklessly!
You are too injured to fight recklessly!
Unknown command.
Something hits you! The jelly hits you. The acid corrodes you!
You are splashed with acid!
Something hits you.
* * * LOW HITPOINT WARNING * * *
The jelly attacks as it pursues you! The jelly barely misses you.
Something hits you!
* * * LOW HITPOINT WARNING * * *
There is an open door, spattered with blood here.
Okay, then.
You feel much better. Something hits you!
* * * LOW HITPOINT WARNING * * *
Something hits you!
* * * LOW HITPOINT WARNING * * *
Unknown command.
Unknown command.
Unknown command.
Blink to where?
Press: ? - help, Q - select action, (/) - cycle Dir - move target
Okay, then.
Okay, then.
Something hits you.
* * * LOW HITPOINT WARNING * * *
Something hits you!
You die...

##_.#'##+#####'###
###+#(# #.'.# #
### ###§# #§# #
#.# #. #.# .. +.#
#++.######§#
#...n.n{§#@#
#§.n.J.J#{{#
)$....n.J~####
?.....§§~~#
.....§~~~##
#..~~~~### +######


There were no monsters in sight!

Vanquished Creatures
  2 centaur warriors (D)
  An oklob plant (D)
  A hornet (D)
  Sigmund (D)
  A yak (D)
  2 redbacks (D)
  A floating eye (D)
  An ogre (D)
  5 jellies (D)
  Ijyb (D)
16 creatures vanquished.

Notes
Turn   | Place    | Note
-------+----------+-------------------------------------------
     0 | D        | sircluck the Troll Berserker began the quest for the Orb.
     0 | D        | Reached XP level 1. HP: 22/22 MP: 0/0
     2 | D        | Noticed Ijyb
     9 | D        | Killed Ijyb
    10 | D        | Reached skill level 4 in Unarmed Combat
    10 | D        | Reached XP level 2. HP: 8/31 MP: 1/1
   134 | D        | Noticed an ogre
   143 | D        | Killed an ogre
   144 | D        | Reached skill level 5 in Fighting
   144 | D        | Reached skill level 5 in Dodging
   144 | D        | Reached skill level 6 in Unarmed Combat
   144 | D        | Reached XP level 3. HP: 5/42 MP: 2/2
   144 | D        | Reached XP level 4. HP: 7/50 MP: 3/3
   378 | D        | Noticed Sigmund
   383 | D        | Killed Sigmund
   383 | D        | Reached ** piety under Trog
   384 | D        | Reached skill level 7 in Unarmed Combat
   384 | D        | Reached XP level 5. HP: 43/61 MP: 4/4
   396 | D        | Found an ornate altar of the Wu Jian Council.
   396 | D        | Found a shimmering blue altar of Sif Muna.
   398 | D        | Found a radiant altar of Vehumet.
   398 | D        | Identified the ring "Maqebikh" {rPois AC+4 Stlth+}
   403 | D        | Reached XP level 6. HP: 68/68 MP: 5/5
   439 | D        | Found Kuaps's Distillery.
   439 | D        | Found an ancient bone altar of Kikubaaqudgha.
   439 | D        | Found a hazy altar of Hepliaklqana.
   439 | D        | Found a hide-covered altar of Uskayaw.
   439 | D        | Found a basalt altar of Yredelemnul.
   439 | D        | Found an opulent altar of Gozag.
   439 | D        | Found a snail-covered altar of Cheibriados.
   439 | D        | Found a sacrificial altar of Ru.
   439 | D        | Found a shadowy altar of Dithmenos.
   439 | D        | Noticed a yak
   440 | D        | Found a stormy altar of Qazlal.
   440 | D        | Found a blossoming altar of Fedhas.
   440 | D        | Found a bloodstained altar of Trog.
   440 | D        | Found an iron altar of Okawaru.
   440 | D        | Found a glowing golden altar of the Shining One.
   440 | D        | Found a glowing silver altar of Zin.
   440 | D        | Found a white marble altar of Elyvilon.
   443 | D        | Killed a yak
   444 | D        | Reached skill level 8 in Unarmed Combat
   444 | D        | Found a sparkling altar of Nemelex Xobeh.
   448 | D        | Bought a potion of invisibility for 112 gold pieces
   457 | D        | Noticed a centaur warrior
   460 | D        | Noticed a centaur warrior
   466 | D        | Killed a centaur warrior
   466 | D        | Reached *** piety under Trog
   467 | D        | Reached skill level 10 in Unarmed Combat
   467 | D        | Reached XP level 7. HP: 68/83 MP: 6/6
   467 | D        | Reached XP level 8. HP: 75/92 MP: 7/7
   468 | D        | Killed a centaur warrior
   469 | D        | Reached skill level 11 in Unarmed Combat
   478 | D        | Noticed a hornet
   482 | D        | Killed a hornet
   493 | D        | Noticed an oklob plant
   498 | D        | Killed an oklob plant
   499 | D        | Reached skill level 10 in Fighting
   499 | D        | Reached skill level 10 in Dodging
   499 | D        | Reached skill level 12 in Unarmed Combat
   541 | D        | Reached **** piety under Trog
   542 | D        | Reached XP level 9. HP: 91/102 MP: 8/8
   604 | D        | Reached ***** piety under Trog
   617 | D        | Slain by an unseen horror

Illustrated notes

Levels and vault maps discovered:
D:        dungeon_sprint_1 [red_sonja_temple_1, red_sonja_temple_small_1]

Skill      XL: |  1  2  3  4  5  6  7  8 |
---------------+-------------------------+-----
Fighting       | 3 5 6 9 10 | 10.8
Dodging        | 3 5 6 8 10 | 10.6
Unarmed Combat | 4 6 7 10 12 | 12.6

Action                     |  1- 3 |  4- 6 |  7- 9 || total
---------------------------+-------+-------+-------++-------
  Melee: Unarmed           |    14 |    12 |    24 ||    50
         Punch             |     1 |     2 |     1 ||     4
  Evoke: Wand              |     1 |       |       ||     1
    Use: Potion            |       |     1 |     1 ||     2
   Stab: Sleeping          |       |     2 |     1 ||     3
         Invisible         |       |     1 |     1 ||     2
 Armour: Animal skin       |     8 |     6 |    28 ||    42
  Dodge: Dodged            |     2 |     6 |    10 ||    18

Table legend: (Time is in decaauts)
 A = Elapsed time spent in this place.
 B = Non-inter-level travel time spent in this place.
 C = Inter-level travel time spent in this place.
 D = Time resting spent in this place.
 E = Time spent auto-exploring this place.
 F = Levels seen in this place.
 G = Mean time per level.
                   A        B        C        D        E       F      G
               +--------+--------+--------+--------+--------+-----+--------+
         Total |    608 |    608 |      0 |    387 |     20 |   1 |  608.0 |
       Dungeon |    608 |    608 |      0 |    387 |     20 |   1 |  608.0 |
               +--------+--------+--------+--------+--------+-----+--------+

Top non-repeatable levels by time:
       D: 608 daAuts
